 Dungeon Crawl Stone Soup version 0.28.0-45-g0d030f2227 (webtiles) character file.

Game seed: 5727086695663940914

450 zeratav the Digger (level 7, -2/44 HPs)
             Began as a Gargoyle Earth Elementalist on Apr 5, 2022.
             Slain by Edmund
             ... wielding a +4 dire flail of holy wrath
              (14 damage)
             ... on level 4 of the Dungeon.
             The game lasted 00:15:51 (5462 turns).

zeratav the Digger (Gargoyle Earth Elementalist)    Turns: 5462, Time: 00:15:52

Health: -2/44      AC:  7    Str: 12    XL:     7   Next: 4%
Magic:  4/11       EV: 11    Int: 23    God:
Gold:   181        SH:  3    Dex: 10    Spells: 6/12 levels left

rFire   . . .      SeeInvis .   r - +4 whip (venom)
rCold   . . .      Faith    .   e - +0 buckler
rNeg    + . .      Spirit   .   b - +0 robe
rPois   ∞          Reflect  .   (no helmet)
rElec   +          Harm     .   f - +0 cloak
rCorr   .          Rampage  .   (no gloves)
Will    +....                   (no boots)
Stlth   ++........              (no amulet)
HPRegen 0.14/turn               a - ring of willpower
MPRegen 0.12/turn               l - +6 ring of intelligence

@: no status effects
A: sickness immunity, AC +4, negative energy resistance 1, electricity
resistance, torment resistance 1, petrification resistance
a: no special abilities


You were on level 4 of the Dungeon.
You visited 1 branch of the dungeon, and saw 4 of its levels.

You collected 181 gold pieces.

Inventory:

Hand Weapons
 q - a +1 dagger of pain
 r - a +4 whip of venom (weapon)
 s - a +2 short sword of venom
Missiles
 c - 134 stones
Armour
 b - a +0 robe (worn)
 e - a +0 buckler (worn)
 f - a +0 cloak (worn)
Jewellery
 a - a ring of willpower (left hand)
 l - a +6 ring of intelligence (right hand)
 o - a ring of resist corrosion
Wands
 w - a wand of charming (8)
Scrolls
 d - 2 scrolls of blinking
 j - 3 scrolls of teleportation
 n - a scroll of fear
 p - 2 scrolls of fog
 u - 3 scrolls of vulnerability {unknown}
 v - 2 scrolls of identify {unknown}
Potions
 g - a potion of mutation {unknown}
 h - 2 potions of lignification {unknown}
 i - 3 potions of heal wounds
 k - 2 potions of curing {unknown}
 m - 2 potions of invisibility {unknown}
 t - 2 potions of brilliance {unknown}


   Skills:
 * Level 4.5 Fighting
 - Level 1.5 Dodging
 - Level 2.1 Stealth
 - Level 1.2 Shields
 + Level 3.3 Spellcasting
 - Level 0.7 Transmutations
 * Level 6.4 Earth Magic


You had 6 spell levels left.
You knew the following spells:

 Your Spells              Type           Power      Damage    Failure   Level
a - Sandblast             Erth           66%        2d15      1%          1
b - Stone Arrow           Conj/Erth      36%        3d9       12%         3
c - Passwall              Tmut/Erth      16%        N/A       4%          2

Your spell library contained the following spells:

 Spells                   Type           Power      Damage    Failure   Level
 Animate Skeleton         Necr           6%         N/A       16%         1
 Apportation              Tloc           6%         N/A       16%         1
 Summon Small Mammal      Summ           12%        N/A       16%         1
 Petrify                  Tmut/Erth      20%        N/A       32%         4
 Tukima's Dance           Hex            3%         N/A       41%         3
 Anguish                  Hex/Necr       1%         N/A       83%         4
 Enfeeble                 Hex            1%         N/A       100%        7


Dungeon Overview and Level Annotations

Branches:
Dungeon (4/15)
 Temple: D:4-7

Altars:

Shops:
D:3 ?

Annotations:
D:4 Edmund, Sigmund


Innate Abilities, Weirdness & Mutations

You are immune to sickness and miasma.
Your stone body is resilient. (AC +4)
You are immune to poison.
You resist negative energy. (rN+)
You are resistant to electric shocks. (rElec)
You are resistant to unholy torment.
You are immune to petrification.


Message History

The blast of sand hits Edmund.
Edmund is lightly wounded.
You block Edmund's attack.
The blast of sand hits Edmund but does no damage.
Edmund is lightly wounded.
Edmund misses you.
The blast of sand hits Edmund but does no damage.
Edmund is lightly wounded.
Edmund barely misses you.
The blast of sand hits Edmund!
Edmund is moderately wounded.
Edmund hits you with a +4 dire flail of holy wrath!
The blast of sand hits Edmund.
Edmund is moderately wounded.
Edmund barely misses you.
Edmund hits you with a +4 dire flail of holy wrath.
You hit Edmund but do no damage.
Edmund is moderately wounded.
Edmund hits you with a +4 dire flail of holy wrath!
You hit Edmund.
Edmund is poisoned.
Edmund is moderately wounded.
Edmund barely misses you.
Edmund asks, "Have you met my wondrous brother?"
Edmund completely misses you.
You whack Edmund!
Edmund looks as sick as possible!
Edmund is heavily wounded.
Edmund hits you with a +4 dire flail of holy wrath!
* * * LOW HITPOINT WARNING * * *
Sigmund the Dreaded comes into view.
He is wielding a +0 scythe and carrying a wand of polymorph (10).
Edmund drinks a potion.
Edmund is healed!
You are too injured to fight recklessly!
Casting: Sandblast (safe; 1% risk of failure)
Confirm with . or Enter, or press ? or * to list all spells.
Aiming: Passwall (safe; 4% risk of failure)
Press: ? - help, Dir - move target, p - Edmund A rock wall.
You begin to meditate on the wall.
You continue meditating on the rock.
Sigmund shouts!
Edmund hits you with a +4 dire flail of holy wrath!
You die...

#.## #..# ##.# ## #.##
..# ###..# #####@.#
.....## #..#......#.#
......# #..#...##.#.#
......# #..##.##..#.#
#####.## #..#.@#[..#.# ##
#..# #..#.@##..#.# .#
##.# #..#......#.# .#
###.#####..#..#.....# .#
#..........#..#.....#
.###.##.####..#≈≈#...#.#
.##...#..##...####...#.##
.##...##.##...# #...#..#
.##...........# #...#..#


You could see Edmund (very poisoned) and Sigmund.

Vanquished Creatures
  An ogre (D:3)
  2 orc priests (D:4)
  2 hounds (D:4)
  Jessica (D:2)
  Robin (D:2)
  6 adders
  A gnoll (D:1)
  An ufetubus (D:4)
  2 dart slugs (D:1)
  17 orcs
  4 bats (D:1)
  5 endoplasms
  2 giant cockroaches (D:3)
  20 goblins
  19 hobgoblins
  3 jackals (D:3)
  5 quokkas
  7 ball pythons
  4 frilled lizards
  14 kobolds
  9 rats
126 creatures vanquished.

Vanquished Creatures (others)
  4 plants (D:4)
4 creatures vanquished.

Grand Total: 130 creatures vanquished

Notes
Turn   | Place    | Note
-------+----------+-------------------------------------------
     0 | D:1      | zeratav the Gargoyle Earth Elementalist began the quest for
                  | the Orb.
     0 | D:1      | Reached XP level 1. HP: 10/10 MP: 3/3
    97 | D:1      | Reached skill level 1 in Fighting
    97 | D:1      | Reached skill level 4 in Earth Magic
    97 | D:1      | Reached XP level 2. HP: 16/16 MP: 0/5
   175 | D:1      | Found a faded altar of an unknown god.
   639 | D:1      | Reached XP level 3. HP: 19/20 MP: 4/6
  1080 | D:1      | Learned a level 3 spell: Stone Arrow
  1083 | D:1      | Learned a level 2 spell: Passwall
  1522 | D:2      | Noticed Robin
  1696 | D:2      | Killed Robin
  1697 | D:2      | Reached XP level 4. HP: 15/26 MP: 0/7
  2109 | D:2      | Noticed Jessica
  2119 | D:2      | Killed Jessica
  2120 | D:2      | Reached skill level 5 in Earth Magic
  2524 | D:2      | Reached XP level 5. HP: 32/32 MP: 6/9
  3906 | D:3      | Found Quakh's Magic Scroll Shoppe.
  3959 | D:3      | Reached XP level 6. HP: 36/38 MP: 10/10
  4009 | D:3      | Reached skill level 6 in Earth Magic
  4733 | D:4      | Reached skill level 1 in Shields
  5350 | D:4      | Reached XP level 7. HP: 39/44 MP: 3/11
  5448 | D:4      | Noticed Edmund
  5460 | D:4      | Noticed Sigmund
  5462 | D:4      | Slain by Edmund

Illustrated notes

Levels and vault maps discovered:
D:1:      dpeg_arrival_refuge, layout_loops_corners,
          ebering_ecumenical_altar_sacrificial
D:2:      layout_rooms, kennysheep_generic_room_7, uniq_robin, uniq_jessica
D:3:      layout_loops_corners, serial_shops, shop_fountains,
          minmay_misc_feat_doors, minmay_goblin_outpost
D:4:      layout_basic, sigmund_edmund_badplayer, uniq_sigmund

Skill      XL: |  1  2  3  4  5  6 |
---------------+-------------------+-----
Fighting       | 1 2 3 4 |  4.5
Earth Magic    | 4 5 6 |  6.4
Spellcasting   | 3 |  3.3
Shields        | 1 |  1.2
Dodging        | |  1.5
Stealth        | |  2.1
Transmutations | |  0.7

Action                   |  1- 3 |  4- 6 |  7- 9 || total
-------------------------+-------+-------+-------++-------
Melee: Unarmed           |    16 |       |       ||    16
       Flail             |    83 |    18 |       ||   101
       Punch             |       |     1 |       ||     1
       Short sword       |       |    42 |       ||    42
       Whip              |       |    13 |     3 ||    16
 Cast: Sandblast         |    33 |    99 |     8 ||   140
       Passwall          |       |       |     1 ||     1
  Use: Scroll            |       |     6 |       ||     6
 Stab: Sleeping          |     2 |     2 |       ||     4
Armor: Robe              |    63 |    36 |       ||    99
Dodge: Dodged            |    93 |    52 |     5 ||   150
Block: Buckler           |       |     6 |     1 ||     7
